 Dungeon Crawl Stone Soup version 0.31.0-11-ge490571c62 (webtiles) character file.

Game seed: 5199597859199646609

116 qw the Shooter (level 4, -7/23 HPs)
             Began as a Spriggan Hunter on Feb 3, 2024.
             Killed from afar by Natasha (11 damage)
             ... with a puff of flame
             ... on level 3 of the Dungeon.
             The game lasted 00:00:09 (1542 turns).

qw the Shooter (Spriggan Hunter)                    Turns: 1542, Time: 00:00:09

Health: -7/23      AC:  2    Str:  7    XL:     4   Next: 69%
Magic:  5/5        EV: 20    Int: 10    God:
Gold:   134        SH:  0    Dex: 20    Spells: 3/3 levels left

rFire   . . .        a - +0 shortbow (heavy)
rCold   . . .        (shield currently unavailable)
rNeg    . . .        c - +0 robe
rPois   .            (helmet restricted)
rElec   .            (no cloak)
rCorr   .            (gloves unavailable)
SInv    +            (boots unavailable)
Will    .....        (no amulet)
Stlth   ++           (no ring)
HPRegen 0.23/turn    (no ring)
MPRegen 0.09/turn

%: no passive effects
@: about to teleport, very quick
A: very small, no large weapons, unfitting armour, see invisible, speed 3
a: no special abilities


You were on level 3 of the Dungeon.
You visited 1 branch of the dungeon, and saw 3 of its levels.

You collected 134 gold pieces.


Innate Abilities, Weirdness & Mutations

You are very small and have problems with some larger weapons.
You are too small for most types of armour.
You have supernaturally acute eyesight. (SInv)
You cover ground extremely quickly. (Speed+++)


   Skills:
 + Level 1.9 Fighting
 - Level 5.0 Ranged Weapons
 - Level 5.0 Dodging
 - Level 1.5 Stealth


You had 3 spell levels left.
You didn't know any spells.
Your spell library was empty.

Inventory:

Hand Weapons
 a - a +0 heavy shortbow (weapon)
Armour
 c - a +0 robe (worn)
Scrolls
 b - a scroll of blinking {unknown}
 d - a scroll of identify
Potions
 h - a potion of enlightenment
 i - a potion of degeneration {unknown}
 j - a potion of ambrosia {unknown}
 k - a potion of might {unknown}
 l - a potion of mutation {unknown}
 m - a potion of resistance

Dungeon Overview and Level Annotations

Branches:
Dungeon (3/15)

Altars:
Makhleb
Xom
Zin

Annotations:
D:2 exclusion: 2 hobgoblins
D:3 Natasha


Message History

The orc shouts!
You shoot an arrow. The arrow barely misses the orc.
An orc comes into view. It is wielding a +0 club.
You shoot an arrow. The arrow barely misses the orc.
An orc comes into view. It is wielding a +0 dagger.
You shoot an arrow. The arrow closely misses the orc.
The orc shouts!
The arrow hits the orc but does no damage.
Natasha, Servant of Life and Death comes into view.
She is carrying a wand of flame.
You shoot an arrow.
Natasha hisses angrily.
The arrow hits the orc.
The orc is heavily wounded.
The orc closely misses you. The orc misses you.
You shoot an arrow. The arrow hits the orc!
You kill the orc!
The orc hits you with a +0 club. The orc misses you.
You shoot an arrow. The arrow hits the orc.
The orc is heavily wounded.
The orc completely misses you.
Natasha mumbles some strange words.
Enter note:
Enter note:
1538 ||| RETREEEEATING.
The orc attacks as it pursues you! The orc barely misses you.
Enter note:
1539 ||| RETREEEEATING.
You shoot an arrow. The arrow hits the orc!
You kill the orc!
Natasha zaps a wand.
The puff of flame hits you.
You shoot an arrow. The arrow closely misses the orc.
The orc misses you. The cerulean imp closely misses you.
Natasha zaps a wand.
The puff of flame hits you! The orc misses you.
The cerulean imp hits you but does no damage.
1542 ||| READING scroll of teleportation.
As you read the scroll of teleportation, it crumbles to dust.
You feel strangely unstable.
Natasha zaps a wand.
The puff of flame hits you!
You die...
Natasha begins licking her fur clean.

#.#.##### #...)# #.#
# ##..%.### ..#.#
#...$..5# ....##
####.......#
##................#
#...## #...)...#
##..## #...5#
######..## ###.h####
..(......#####.o@..#
#######.###2###.##.#
#..#####.#.##.#
#.##.._..####.##
#.......#......#
#...+...)...)..#
##..#?))#......#
####._.###....#
##### #....#


You could see Natasha, a cerulean imp (summoned) and an orc.

Vanquished Creatures
  2 adders
  2 ribbon worms (D:2)
  9 orcs (D:3)
  11 ball pythons
  7 endoplasms
  4 giant cockroaches
  12 goblins
  8 hobgoblins
  3 quokkas
  7 bats
  A frilled lizard (D:2)
  5 kobolds
  3 rats
74 creatures vanquished.

Notes
Turn   | Place    | Note
-------+----------+-------------------------------------------
     0 | D:1      | qw the Spriggan Hunter began the quest for the Orb.
     0 | D:1      | Reached XP level 1. HP: 10/10 MP: 2/2
     0 | D:1      | 0 ||| qw: Version: 0.3-a-157-g843a77d
     0 | D:1      | 0 ||| qw: Game counter: 3850
     0 | D:1      | 0 ||| qw: Melee chars always use a shield: true
     0 | D:1      | 0 ||| qw: God list: Okawaru
     0 | D:1      | 0 ||| qw: Allow faded altars: false
     0 | D:1      | 0 ||| qw: Do Orc after clearing Dungeon:15 true
     0 | D:1      | 0 ||| qw: Do second Lair branch before Depths: true
     0 | D:1      | 0 ||| qw: Lair rune preference: random
     0 | D:1      | 0 ||| qw: Goals: Normal
     0 | D:1      | 0 ||| PLANNING D:1-11
    20 | D:1      | Reached skill level 3 in Dodging
    50 | D:1      | Reached XP level 2. HP: 14/14 MP: 3/3
   398 | D:1      | Reached XP level 3. HP: 18/18 MP: 4/4
   595 | D:1      | 595 ||| READING scroll labelled UMOVOO KUGAURI.
   596 | D:1      | 596 ||| READING scroll labelled KUSEOS GOGEHYLL.
   596 | D:1      | 596 ||| BRANDING +0 shortbow.
   597 | D:1      | 597 ||| READING scroll labelled RUSOINE GIUV.
   602 | D:1      | 602 ||| READING 2 scrolls labelled NONLIO ASYZOSK.
   602 | D:1      | 602 ||| IDENTIFYING fizzy emerald potion
   603 | D:1      | 603 ||| READING scroll of identify.
   603 | D:1      | 603 ||| IDENTIFYING pink potion
   604 | D:1      | 604 ||| READING scroll labelled SINUILI ADOUPP.
   605 | D:1      | 605 ||| DRINKING 2 glowing grey potions.
   606 | D:1      | 606 ||| DROPPING scroll of butterflies.
   607 | D:1      | 607 ||| DROPPING potion of lignification.
   625 | D:2      | Found a shimmering altar of Xom.
   846 | D:2      | 846 ||| FLEEEEING.
   849 | D:2      | 849 ||| FLEEEEING.
   850 | D:2      | 850 ||| FLEEEEING.
   851 | D:2      | 851 ||| FLEEEEING.
  1010 | D:2      | Reached XP level 4. HP: 11/22 MP: 5/5
  1317 | D:2      | 1317 ||| READING scroll of identify.
  1317 | D:2      | 1317 ||| IDENTIFYING cyan potion
  1318 | D:2      | 1318 ||| READING 2 scrolls labelled FERGHU HELOTU.
  1319 | D:2      | 1319 ||| READING scroll labelled OXETYUNGUL.
  1320 | D:2      | 1320 ||| READING scroll labelled WAIQENN IRAC.
  1320 | D:2      | 1320 ||| ENCHANTING +0 heavy shortbow.
  1321 | D:2      | 1321 ||| DROPPING scroll of fog.
  1322 | D:2      | 1322 ||| DROPPING potion of brilliance.
  1436 | D:3      | Found a burning altar of Makhleb.
  1438 | D:3      | Found a glowing silver altar of Zin.
  1438 | D:3      | Noticed an angel
  1440 | D:3      | Noticed a cacodemon
  1534 | D:3      | Noticed Natasha
  1538 | D:3      | 1538 ||| RETREEEEATING.
  1539 | D:3      | 1539 ||| RETREEEEATING.
  1541 | D:3      | HP: 4/23 [Natasha/puff of flame (10)]
  1542 | D:3      | 1542 ||| READING scroll of teleportation.
  1542 | D:3      | Killed from afar by Natasha

Levels and vault maps discovered:
D:1:      scummos_arrival_hexagon, layout_basic, minmay_unequal
D:2:      layout_rooms, basic_altar, minmay_goblin_outpost
D:3:      layout_rooms, grunt_temple_overflow_order_and_chaos_2, serial_shops,
          nicolae_shop_advertising_works [nicolae_subvault_shop_adworks],
          uniq_natasha

Skill      XL: |  1  2  3  4 |
---------------+-------------+-----
Dodging        | 3 4 5 |  5.0
Ranged Weapons | 5 |  5.0
Fighting       | |  1.9
Stealth        | |  1.5

Action                     |  1- 3 |  4- 6 || total
---------------------------+-------+-------++-------
   Fire: Shortbow          |   108 |    52 ||   160
    Use: Scroll            |     6 |     5 ||    11
         Potion            |     1 |       ||     1
 Armour: Robe              |    14 |     9 ||    23
  Dodge: Dodged            |    43 |    20 ||    63

Table legend:
 A = Non-vault XP
 B = Vault XP
 C = Vault XP percentage of total XP
 D = Non-vault monster count
 E = Vault monster count
 F = Vault count percentage of total count
                 A         B        C        D         E       F
            +---------+---------+-------+---------+---------+-------
      Total |     145 |      21 |  12.7 |      63 |      11 |  14.9
            +---------+---------+-------+---------+---------+-------
        D:1 |      47 |       7 |  13.0 |      27 |       4 |  12.9
        D:2 |      50 |      14 |  21.9 |      21 |       7 |  25.0
        D:3 |      48 |       0 |   0.0 |      15 |       0 |   0.0
            +---------+---------+-------+---------+---------+-------
